 Dungeon Crawl Stone Soup version 0.21.1-1-g345015f (webtiles) character file.

1578 diana the Cleaver (level 8, -2/71 HPs)
             Began as a Minotaur Fighter on June 5, 2018.
             Was a Follower of Qazlal.
             Killed by nerve-wracking pain
             ... invoked by a shadow imp
              (11 damage)
             ... on level 6 of the Dungeon.
             The game lasted 00:06:35 (3184 turns).

diana the Cleaver (Minotaur Fighter)                Turns: 3184, Time: 00:06:35

Health: -2/71      AC:  7    Str: 23    XL:     8   Next: 60%
Magic:  7/7        EV:  8    Int:  5    God:    Qazlal [*.....]
Gold:   299        SH: 12    Dex: 10    Spells: 7/7 levels left

rFire    . . .     SeeInvis .   a - +0 war axe
rCold    . . .     Gourm    .   c - +0 shield
rNeg     . . .     Faith    .   b - +0 scale mail
rPois    .         Spirit   .   (helmet restricted)
rElec    .         Reflect  .   (no cloak)
rCorr    .         Harm     .   (no gloves)
MR       .....                  (no boots)
Stlth    ..........             (no amulet)
HPRegen  0.21/turn              (no ring)
MPRegen  0.10/turn              (no ring)

@: lethally poisoned (-2 -> -4)
A: retaliatory headbutt, horns 2
a: Renounce Religion


You were on level 6 of the Dungeon.
You worshipped Qazlal.
Qazlal was aware of your devotion.
You were hungry.

You visited 1 branch of the dungeon, and saw 6 of its levels.

You collected 299 gold pieces.

Inventory:

Hand Weapons
 a - a +0 war axe (weapon)
Armour
 b - a +0 scale mail (worn)
 c - a +0 shield (worn)
Jewellery
 q - a +3 ring of intelligence {unknown}
 u - an uncursed amulet of guardian spirit {unknown}
Wands
 v - a wand of flame (21)
Scrolls
 h - 10 scrolls of identify {unknown}
 i - 2 scrolls of remove curse {unknown}
 m - 3 scrolls of enchant armour {unknown}
 n - 2 scrolls of enchant weapon {unknown}
 p - 2 scrolls of magic mapping {unknown}
 s - a scroll of amnesia {unknown}
 t - 2 scrolls of teleportation {unknown}
 w - a scroll of blinking {unknown}
Potions
 d - a potion of might
 e - a potion of curing
 g - a potion of berserk rage {unknown}
 j - a potion of flight {unknown}
 k - a potion of magic {unknown}
 l - 2 potions of mutation {unknown}
 o - a potion of resistance {unknown}
 r - 2 potions of agility
Comestibles
 f - 6 rations


   Skills:
 + Level 6.8 Fighting
 * Level 8.5 Axes
 + Level 6.8 Armour
 + Level 6.8 Shields
 + Level 1.1 Invocations


You had 7 spell levels left.
You didn't know any spells.

Dungeon Overview and Level Annotations

Branches:
Dungeon (6/15)             Temple (0/1) D:5

Altars:
Cheibriados
Elyvilon
Fedhas
Nemelex Xobeh
Okawaru
Qazlal
Sif Muna
Vehumet
Wu Jian
Yredelemnul


Innate Abilities, Weirdness & Mutations

You reflexively headbutt those who attack you in melee.
You have a pair of horns on your head.


Message History

You headbutt the killer bee, but do no damage.
The killer bee is almost dead.
The killer bee stings you.
* * * LOW HITPOINT WARNING * * *
You are poisoned.
The killer bee poisons you! The killer bee misses you.
You closely miss the killer bee.
The killer bee is almost dead.
You feel sick. The killer bee completely misses you. You furiously retaliate!
You headbutt the killer bee!
You kill the killer bee!
Qazlal accepts your kill.
Your Invocations skill increases to level 1!
You feel sick.
You feel sick.
You feel sick.
You feel sick. The shadow imp gestures at you. Pain shoots through your body!
You die...

.. #. .... . .#.#+# .!
..#.##### ...###.......
#....†#.$##### #...5..##..
#.#......##.####
#...#.@.....##..
.........##..##.#
.#......†....##.# ##
.....#...#...##.# ...
.#....#......##.# ### ...
...#(...........###... ..#
.#.#......###.#...#.# ..#
########..##......#.....#
..####..<.....(....##.####.###


You could see a shadow imp.

Vanquished Creatures
  The ghost of tiramisu the Ruffian, an amateur TrMo (D:5)
  Sigmund (D:2)
  A sky beast (D:5)
  2 ogres
  A bullfrog (D:4)
  2 scorpions (D:4)
  5 killer bees (D:6)
  A howler monkey (D:6)
  A crimson imp (D:6)
  A hound (D:5)
  A bullfrog skeleton (D:5)
  Jessica (D:2)
  2 iguanas
  An orc wizard (D:3)
  Terence (D:2)
  3 worker ants
  A hound skeleton (D:4)
  Robin (D:3)
  A gnoll (D:1)
  8 adders
  2 oozes
  An adder zombie (D:6)
  2 worms
  A dart slug (D:1)
  6 leopard geckos
  6 orcs
  7 bats
  3 giant cockroaches
  11 goblins
  13 hobgoblins
  9 kobolds
  5 quokkas
  2 ball pythons
  3 frilled lizards
  A jackal zombie (D:6)
  A leopard gecko zombie (D:5)
  A quokka skeleton (D:5)
  9 rats
119 creatures vanquished.

Notes
Turn   | Place    | Note
-------+----------+-------------------------------------------
     0 | D:1      | diana the Minotaur Fighter began the quest for the Orb.
     0 | D:1      | Reached XP level 1. HP: 19/19 MP: 0/0
    94 | D:1      | Reached XP level 2. HP: 25/27 MP: 1/1
   109 | D:1      | Reached skill level 3 in Axes
   408 | D:1      | Reached XP level 3. HP: 33/33 MP: 2/2
   911 | D:2      | Noticed Terence
   917 | D:2      | Killed Terence
   917 | D:2      | Reached XP level 4. HP: 40/40 MP: 3/3
   981 | D:2      | Noticed Sigmund
   984 | D:2      | Noticed Jessica
   996 | D:2      | Killed Sigmund
   996 | D:2      | Reached skill level 5 in Axes
   996 | D:2      | Reached XP level 5. HP: 20/47 MP: 4/4
   998 | D:2      | Killed Jessica
   998 | D:2      | Reached XP level 6. HP: 22/55 MP: 5/5
  1469 | D:3      | Reached skill level 5 in Shields
  1477 | D:3      | Reached skill level 5 in Armour
  1501 | D:3      | Reached skill level 5 in Fighting
  1670 | D:3      | Noticed Robin
  1678 | D:3      | Killed Robin
  1755 | D:3      | Found a snail-covered altar of Cheibriados.
  1756 | D:3      | Found a stormy altar of Qazlal.
  1764 | D:3      | Found an iron altar of Okawaru.
  1771 | D:3      | Became a worshipper of Qazlal Stormbringer
  1792 | D:3      | Found a basalt altar of Yredelemnul.
  1797 | D:3      | Found a deep blue altar of Sif Muna.
  1797 | D:3      | Found an ornate altar of the Wu Jian Council.
  1986 | D:3      | Found a blossoming altar of Fedhas.
  2054 | D:4      | Reached skill level 6 in Axes
  2054 | D:4      | Reached XP level 7. HP: 41/61 MP: 6/6
  2422 | D:5      | Entered Level 5 of the Dungeon
  2461 | D:5      | Reached skill level 7 in Axes
  2563 | D:5      | Noticed tiramisu's ghost (amateur TrMo)
  2576 | D:5      | Killed tiramisu's ghost
  2576 | D:5      | Reached XP level 8. HP: 49/70 MP: 7/7
  2606 | D:5      | Found a white marble altar of Elyvilon.
  2608 | D:5      | Found a radiant altar of Vehumet.
  2742 | D:5      | Found a staircase to the Ecumenical Temple.
  2799 | D:5      | Found a sparkling altar of Nemelex Xobeh.
  3038 | D:6      | Reached * piety under Qazlal
  3056 | D:6      | Reached skill level 8 in Axes
  3173 | D:6      | HP: 1/71 [killer bee (4)]
  3179 | D:6      | Reached skill level 1 in Invocations
  3184 | D:6      | Killed from afar by a shadow imp

Skill      XL: |  1  2  3  4  5  6  7  8 |
---------------+-------------------------+-----
Axes           | 3 5 6 7 8 |  8.5
Armour         | 4 5 6 |  6.8
Shields        | 4 5 6 |  6.8
Fighting       | 4 5 6 |  6.8
Invocations    | 1 |  1.1

Action                   |  1- 3 |  4- 6 |  7- 9 || total
-------------------------+-------+-------+-------++-------
Melee: War axe           |    68 |   119 |   112 ||   299
       Headbutt          |     8 |    11 |    21 ||    40
  Use: Potion            |       |     1 |     3 ||     4
  Eat: Chunk             |       |     3 |     4 ||     7
Armor: Scale mail        |    30 |    51 |    44 ||   125
Dodge: Dodged            |    32 |    28 |    42 ||   102
Block: Shield            |    38 |    72 |    75 ||   185
